[Event "WYCC U16 Girls 2019"]
[Site "Mumbai"]
[Date "2019.10.06"]
[Round "6.12"]
[White "Achaya Vijayan"]
[Black "Moncada Correa, Sara"]
[Result "1-0"]
[ECO "D17"]
[WhiteElo "1585"]
[BlackElo "1939"]
[Annotator "NA"]
[PlyCount "67"]
[EventDate "2019.10.02"]
[EventType "swiss"]
[EventCountry "IND"]
[SourceTitle "playchess.com"]
[Source "ChessBase"]
[SourceQuality "1"]
[TimeControl "5400+30"]

1. d4 d5 2. c4 c6 3. Nf3 Nf6 4. Nc3 dxc4 5. a4 Bf5 6. Ne5 Nbd7 7. Nxc4 Qc7 8. g3 e5 9. dxe5 Nxe5 10. Bf4 Nfd7 11. Bg2 g5 12. Ne3 gxf4 13. Nxf5 O-O-O 14. Qc2 Bc5 15. gxf4 Rhg8 16. O-O Ng6 17. e3 Nf6 18. Kh1 Kb8 19. Ne2 Bb4 20. Qb3 Qa5 21. Ned4 Nd5 22. Rac1 c5 23. Nb5 a6 24. Nbd6 Nc7 25. Nxb7 Qb6 26. Nxd8 Rxd8 27. Rfd1 Rf8 28. Rd6 Qa5 29. Rd7 Nh8 30. Rcd1 Ka7 31. Qd5 Qb6 32. Qe5 Rc8 33. Ne7 Re8 34. Rxc7+ 1-0

[Event "WYCC U16 Girls 2019"]
[Site "Mumbai"]
[Date "2019.10.07"]
[Round "7.2"]
[White "Bulatova, Kamaliya"]
[Black "Nurgali, Nazerke"]
[Result "0-1"]
[ECO "E04"]
[WhiteElo "2181"]
[BlackElo "2194"]
[Annotator "ChessBase"]
[PlyCount "78"]
[EventDate "2019.10.02"]
[EventType "swiss"]
[EventCountry "IND"]
[SourceTitle "playchess.com"]
[Source "ChessBase"]
[SourceQuality "1"]
[TimeControl "5400+30"]

1. d4 d5 2. c4 e6 3. Nf3 Nf6 4. g3 dxc4 5. Bg2 Nc6 6. Qa4 Bb4+ 7. Bd2 Nd5 8. e3 Bd7 9. Qc2 Bxd2+ 10. Nfxd2 b5 11. O-O O-O 12. Ne4 e5 13. Nc5 Ndb4 14. Qd2 exd4 15. a3 Nd3 16. Nxd3 cxd3 17. Qxd3 Qf6 18. Nd2 Rad8 19. Ne4 Qf5 20. exd4 Be6 21. d5 Bxd5 22. Qxb5 Ne5 23. f4 Ng4 24. Qe2 Rfe8 25. h3 Nh6 26. g4 Qe6 27. f5 Qe5 28. Rae1 f6 29. Qf2 Bc4 30. Nd2 Be2 31. Nc4 Qb5 32. Rxe2 Qxc4 33. Rc2 Qd3 34. Rxc7 Re2 35. Qxa7 Qg3 36. Rxg7+ Kf8 37. Qb7 Rdd2 38. Kh1 Qxg2+ 39. Qxg2 Rxg2 0-1

[Event "WYCC U16 Girls 2019"]
[Site "Mumbai"]
[Date "2019.10.07"]
[Round "7.3"]
[White "Salonika, Saina"]
[Black "Beydullayeva, Govhar"]
[Result "1/2-1/2"]
[ECO "B90"]
[WhiteElo "2051"]
[BlackElo "2289"]
[Annotator "ChessBase"]
[PlyCount "59"]
[EventDate "2019.10.02"]
[EventType "swiss"]
[EventCountry "IND"]
[SourceTitle "playchess.com"]
[Source "ChessBase"]
[SourceQuality "1"]
[TimeControl "5400+30"]

1. e4 c5 2. Nf3 d6 3. d4 cxd4 4. Nxd4 Nf6 5. Nc3 a6 6. Be3 e5 7. Nf3 Qc7 8. a4 Be7 9. Be2 O-O 10. O-O Nbd7 11. Nd2 Nc5 12. b4 Ne6 13. Nc4 Nf4 14. Bxf4 exf4 15. Qd4 Be6 16. Nb6 Rad8 17. Rac1 Rfe8 18. Bf3 h6 19. a5 Nh7 20. Ncd5 Bxd5 21. Nxd5 Qd7 22. h3 Bf6 23. Nxf6+ Nxf6 24. c4 Qe7 25. Rfe1 Nd7 26. Bd1 Ne5 27. f3 Rc8 28. Be2 Red8 29. Red1 Ng6 30. Qb2 1/2-1/2

[Event "WYCC U16 Girls 2019"]
[Site "Mumbai"]
[Date "2019.10.07"]
[Round "7.4"]
[White "Ciolacu, Alessia-Mihaela"]
[Black "Mehendi Sil"]
[Result "1-0"]
[ECO "A04"]
[WhiteElo "2095"]
[BlackElo "1812"]
[Annotator "NA"]
[PlyCount "104"]
[EventDate "2019.10.02"]
[EventType "swiss"]
[EventCountry "IND"]
[SourceTitle "playchess.com"]
[Source "ChessBase"]
[SourceQuality "1"]
[TimeControl "5400+30"]

1. Nf3 e6 2. d4 f5 3. Nc3 Nf6 4. Bg5 Be7 5. Bxf6 Bxf6 6. e4 fxe4 7. Nxe4 O-O 8. Bd3 Nc6 9. c3 d5 10. Nxf6+ Qxf6 11. O-O e5 12. Qb3 exd4 13. Qxd5+ Kh8 14. Nxd4 $16 Nxd4 15. cxd4 Rd8 16. Rae1 g6 17. Qc5 Be6 18. Bb1 Rd5 19. Qxc7 Rxd4 20. Qc3 Rad8 21. Re4 Bf5 22. Rxd4 Rxd4 23. Bxf5 gxf5 24. Qc8+ Rd8 25. Qxb7 Rg8 26. Rd1 Qg5 27. Qd5 h5 28. Qd4+ Kh7 29. Qxa7+ Rg7 30. Qa8 Qg4 31. Qd5 h4 32. Rd4 Qh5 33. h3 Qg5 34. Kh2 Qf6 35. Rf4 Rf7 36. b4 Rf8 37. Qd4 Qxd4 38. Rxd4 Ra8 39. Rd2 Kg6 40. b5 Kf6 41. g3 hxg3+ 42. Kxg3 Ra3+ 43. f3 Ke5 44. b6 f4+ 45. Kg4 Ra6 46. Re2+ Kd6 47. Kxf4 Rxb6 48. h4 Rb8 49. Re4 Rf8+ 50. Kg3 Rg8+ 51. Rg4 Ra8 52. a4 Kd5 1-0

[Event "WYCC U16 Girls 2019"]
[Site "Mumbai"]
[Date "2019.10.07"]
[Round "7.5"]
[White "Hajiyeva, Laman"]
[Black "Bommini Mounika Akshaya"]
[Result "1/2-1/2"]
[ECO "A61"]
[WhiteElo "2038"]
[BlackElo "2017"]
[Annotator "NA"]
[PlyCount "90"]
[EventDate "2019.10.02"]
[EventType "swiss"]
[EventCountry "IND"]
[SourceTitle "playchess.com"]
[Source "ChessBase"]
[SourceQuality "1"]
[TimeControl "5400+30"]

1. d4 Nf6 2. c4 c5 3. d5 e6 4. Nc3 exd5 5. cxd5 d6 6. Nf3 g6 7. Nd2 Bg7 8. e4 O-O 9. Be2 a6 10. a4 Nbd7 11. O-O Qe7 {[%emt 0:03:57] A74: Modern Benoni: Classical: 9...a6} (11... Re8 12. Re1 Rb8 13. h3 Qc7 14. Qc2 h6 15. Ra3 g5 16. Nf1 Ne5 17. f4 gxf4 18. Bxf4 Ng6 19. Bh2 c4 20. a5 b5 21. axb6 Qxb6+ {0-1 (39) Navara,D (2734)-Akopian,V (2648) Berlin 2015}) 12. Re1 Ne8 $146 ({Predecessor:} 12... b6 13. Nc4 Rb8 14. Bf4 {0-1 (41) Petersen,T (2058)-Berg,O (2183) Faroe Islands 2008}) 13. Nc4 b6 14. Bf4 Rb8 15. Qd2 Bd4 16. Bg5 Nef6 17. Qf4 Bxc3 18. bxc3 Qxe4 19. Bf3 Qxf4 20. Bxf4 b5 21. axb5 axb5 22. Nxd6 Rb6 23. Reb1 Ba6 24. Ra5 g5 25. Bg3 g4 26. Be4 Nxe4 27. Nxe4 f5 28. Ng5 f4 29. Bh4 Rf5 30. Ne6 Rxd5 31. Nxf4 $11 Rd2 32. Re1 h6 33. h3 gxh3 34. Re8+ Kf7 35. Re7+ Kf8 36. gxh3 Rd1+ 37. Kg2 Bb7+ 38. f3 Rbd6 39. Ra2 R1d2+ 40. Rxd2 Rxd2+ 41. Kg3 b4 42. Ne6+ Kg8 43. Re8+ Kf7 44. Re7+ Kg6 45. Kg4 Ne5+ 1/2-1/2

[Event "WYCC U16 Girls 2019"]
[Site "Mumbai"]
[Date "2019.10.07"]
[Round "7.6"]
[White "Mrudul Dehankar"]
[Black "Noshin, Anjum"]
[Result "1-0"]
[ECO "C78"]
[WhiteElo "2227"]
[BlackElo "1793"]
[Annotator "ChessBase"]
[PlyCount "51"]
[EventDate "2019.10.02"]
[EventType "swiss"]
[EventCountry "IND"]
[SourceTitle "playchess.com"]
[Source "ChessBase"]
[SourceQuality "1"]
[TimeControl "5400+30"]

1. e4 e5 2. Nf3 Nc6 3. Bb5 a6 4. Ba4 Nf6 5. O-O b5 6. Bb3 Bc5 7. d3 d6 8. a3 h6 9. Nc3 Bg4 10. Be3 Nd4 11. Bxd4 Bxd4 12. h3 Bh5 13. g4 Bxc3 14. bxc3 Nxg4 15. hxg4 Bxg4 16. Re1 h5 17. Re3 Qf6 18. d4 Rh6 19. dxe5 Qg6 20. Kf1 Rd8 21. Qd5 Rd7 22. Nh4 Qg5 23. e6 Qxh4 24. exd7+ Kd8 25. e5 dxe5 26. Rxe5 1-0

[Event "WYCC U16 Girls 2019"]
[Site "Mumbai"]
[Date "2019.10.07"]
[Round "7.7"]
[White "Poorna Sri M.K"]
[Black "Loskutova, Viktoriya"]
[Result "0-1"]
[ECO "B90"]
[WhiteElo "1787"]
[BlackElo "2149"]
[Annotator "ChessBase"]
[PlyCount "122"]
[EventDate "2019.10.02"]
[EventType "swiss"]
[EventCountry "IND"]
[SourceTitle "playchess.com"]
[Source "ChessBase"]
[SourceQuality "1"]
[TimeControl "5400+30"]

1. e4 c5 2. Nf3 d6 3. d4 cxd4 4. Nxd4 Nf6 5. Nc3 a6 6. h3 e5 7. Nde2 h5 8. g3 b5 9. Bg2 Nbd7 10. Nd5 Nxd5 11. Qxd5 Nb6 12. Qd3 Bb7 13. Nc3 Be7 14. O-O Rc8 15. Nd5 Bxd5 16. exd5 O-O 17. Qd1 h4 18. Qh5 f5 19. Qe2 Qc7 20. Be3 Nc4 21. c3 Nxe3 22. Qxe3 Qc5 23. Qxc5 Rxc5 24. a4 hxg3 25. fxg3 e4 26. axb5 axb5 27. Rfd1 Rc7 28. Bf1 Rb8 29. Ra5 b4 30. c4 Bf6 31. b3 Kf7 32. Ra6 Be5 33. Kf2 g5 34. Bg2 Re7 35. Rf1 Kg7 36. Re1 e3+ 37. Kf3 f4 38. g4 Rbb7 39. Re2 Red7 40. Rea2 Bd4 41. Ra8 Rf7 42. Bf1 Bc5 43. Be2 Kf6 44. Rh8 Rh7 45. Rxh7 Rxh7 46. Bf1 Rh8 47. Bg2 Ke5 48. Bf1 Kd4 49. Rc2 Rh7 50. Rc1 Rh8 51. Rc2 Ra8 52. Be2 Ke5 53. Rb2 Ra1 54. Kg2 Kd4 55. Rc2 Ke4 56. Rb2 Re1 57. Bf3+ Kd3 58. Ra2 e2 59. Bxe2+ Rxe2+ 60. Rxe2 Kxe2 61. h4 f3+ 0-1

[Event "WYCC U16 Girls 2019"]
[Site "Mumbai"]
[Date "2019.10.07"]
[Round "7.8"]
[White "Juhasz, Judit"]
[Black "Achaya Vijayan"]
[Result "1/2-1/2"]
[ECO "B33"]
[WhiteElo "2004"]
[BlackElo "1585"]
[Annotator "NA"]
[PlyCount "87"]
[EventDate "2019.10.02"]
[EventType "swiss"]
[EventCountry "IND"]
[SourceTitle "playchess.com"]
[Source "ChessBase"]
[SourceQuality "1"]
[TimeControl "5400+30"]

1. e4 c5 2. Nf3 Nc6 3. d4 cxd4 4. Nxd4 Nf6 5. Nc3 e5 6. Ndb5 d6 7. Bg5 a6 8. Na3 b5 9. Nd5 Be7 10. Bxf6 Bxf6 11. c3 O-O 12. Nc2 Bg5 13. a4 bxa4 14. Rxa4 a5 15. Bc4 Rb8 16. b3 Kh8 17. O-O g6 18. Nce3 Bxe3 19. Nxe3 Ne7 20. Nd5 Nxd5 21. Bxd5 Be6 22. Qd2 Qb6 23. Rb1 Qb5 24. Qd1 Bxd5 25. exd5 Rfc8 26. c4 Qb6 27. g3 Kg7 28. Qc2 Qc5 29. Qa2 Ra8 30. Ra1 Rcb8 31. Qb2 Qb6 32. b4 Qc7 33. Qa2 Rb7 34. Rxa5 Rc8 35. Rb5 Rxb5 36. cxb5 Qb6 37. Qa6 Rb8 38. Qxb6 Rxb6 39. Ra5 e4 40. f4 exf3 41. Kf2 Kf6 42. Kxf3 Ke5 43. Ra7 f5 44. Rxh7 {Ke4+ Kxe4} 1/2-1/2

[Event "WYCC U16 Girls 2019"]
[Site "Mumbai"]
[Date "2019.10.07"]
[Round "7.9"]
[White "Al Maamari, Wafia Darwish"]
[Black "Demchenko, Svitlana"]
[Result "0-1"]
[ECO "B47"]
[WhiteElo "1673"]
[BlackElo "1953"]
[Annotator "NA"]
[PlyCount "60"]
[EventDate "2019.10.02"]
[EventType "swiss"]
[EventCountry "IND"]
[SourceTitle "playchess.com"]
[Source "ChessBase"]
[SourceQuality "1"]
[TimeControl "5400+30"]

1. e4 c5 2. Nf3 e6 3. d4 cxd4 4. Nxd4 Nc6 5. Nc3 Qc7 6. Ndb5 Qb8 7. f4 a6 8. Nd4 b5 9. Be3 Bb7 10. Nxc6 Bxc6 11. Bd3 Qb7 12. Qf3 b4 13. Ne2 Nf6 14. Ng3 d5 $17 15. Qf2 dxe4 16. Be2 Be7 17. O-O O-O 18. Bd4 Rfd8 19. f5 Bd5 20. Qe3 e5 21. Bxe5 Rac8 22. Nh5 Nxh5 23. Bxh5 Bc5 24. Bd4 Bxd4 25. Qxd4 Bc4 26. Qf2 Bxf1 27. Rxf1 f6 28. g4 Qc6 29. Rc1 Qc5 30. h4 Rd2 0-1

[Event "WYCC U16 Girls 2019"]
[Site "Mumbai"]
[Date "2019.10.07"]
[Round "7.10"]
[White "Skaslien, Ingrid"]
[Black "Srdanovic, Jovana"]
[Result "0-1"]
[ECO "D31"]
[WhiteElo "1875"]
[BlackElo "2100"]
[Annotator "ChessBase"]
[PlyCount "70"]
[EventDate "2019.10.02"]
[EventType "swiss"]
[EventCountry "IND"]
[SourceTitle "playchess.com"]
[Source "ChessBase"]
[SourceQuality "1"]
[TimeControl "5400+30"]

1. d4 d5 2. c4 e6 3. Nc3 c6 4. e3 Nf6 5. cxd5 exd5 6. Bd3 Bd6 7. Bd2 O-O 8. Nge2 Re8 9. Qc2 Nbd7 10. O-O Nf8 11. f3 Ng6 12. h3 Bc7 13. e4 Bb6 14. Be3 dxe4 15. fxe4 Ne5 16. Rad1 Nxd3 17. Qxd3 h6 18. Ng3 Qe7 19. Rf3 Be6 20. b3 Rad8 21. Na4 Bc7 22. Nc5 Bc8 23. Qc4 b6 24. Nd3 Bxg3 25. Rxg3 Nxe4 26. Rf3 Nd6 27. Qc1 Nf5 28. Ne5 Rd6 29. Bf2 c5 30. Nc4 Rdd8 31. dxc5 bxc5 32. Rfd3 Rxd3 33. Rxd3 Qe4 34. Rd1 Bb7 35. Ne3 Nxe3 0-1

[Event "WYCC U16 Girls 2019"]
[Site "Mumbai"]
[Date "2019.10.07"]
[Round "7.11"]
[White "Nasybullina, Dayana"]
[Black "Zhang, Xiao"]
[Result "0-1"]
[ECO "B18"]
[WhiteElo "1858"]
[BlackElo "2053"]
[Annotator "NA"]
[PlyCount "62"]
[EventDate "2019.10.02"]
[EventType "swiss"]
[EventCountry "IND"]
[SourceTitle "playchess.com"]
[Source "ChessBase"]
[SourceQuality "1"]
[TimeControl "5400+30"]

1. e4 c6 2. d4 d5 3. Nd2 dxe4 4. Nxe4 Bf5 5. Ng3 Bg6 6. Nh3 Nd7 7. Bc4 Ngf6 8. Nf4 Nb6 9. Bb3 e6 10. O-O Qc7 11. Qf3 O-O-O 12. Nxg6 hxg6 13. Bf4 Bd6 14. Bxd6 Qxd6 15. c3 Rh4 16. h3 g5 17. Rfe1 g4 18. hxg4 Rdh8 19. Kf1 Rxg4 20. Re5 Rxg3 21. Qxg3 Rh1+ 22. Ke2 Rxa1 23. Qxg7 Nbd7 24. Re3 Qf8 25. Qg5 Rb1 26. f4 Rxb2+ 27. Kd3 c5 28. f5 cxd4 29. cxd4 Qb4 30. Rh3 Qe1 31. fxe6 Qe2+ 0-1

[Event "WYCC U16 Girls 2019"]
[Site "Mumbai"]
[Date "2019.10.07"]
[Round "7.12"]
[White "Tomcikova, Dominika"]
[Black "Jain Nityata"]
[Result "1/2-1/2"]
[ECO "A05"]
[WhiteElo "1845"]
[BlackElo "2029"]
[Annotator "NA"]
[PlyCount "61"]
[EventDate "2019.10.02"]
[EventType "swiss"]
[EventCountry "IND"]
[SourceTitle "playchess.com"]
[Source "ChessBase"]
[SourceQuality "1"]
[TimeControl "5400+30"]

1. Nf3 Nf6 2. g3 g6 3. Bg2 Bg7 4. O-O O-O 5. d3 d5 6. Nbd2 c5 7. e4 dxe4 8. dxe4 Nc6 9. Qe2 Qb6 10. c3 Rd8 11. Nc4 Qa6 12. Re1 Be6 13. Bf1 h6 14. Ncd2 Qxe2 15. Bxe2 $11 Ng4 16. Nh4 Nge5 17. f4 Nd3 18. Bxd3 Rxd3 19. f5 gxf5 20. exf5 Bd5 21. Ng2 Bxg2 22. Kxg2 Rad8 23. Ne4 R8d5 24. Nf2 Rd2 25. Bxd2 Rxd2 26. Rab1 Ne5 27. Red1 Rc2 28. Rdc1 Rd2 29. Rd1 Rc2 30. Rdc1 Rd2 31. Rd1 1/2-1/2

[Event "WYCC U16 Girls 2019"]
[Site "Mumbai"]
[Date "2019.10.09"]
[Round "8.1"]
[White "Nurgali, Nazerke"]
[Black "Ciolacu, Alessia-Mihaela"]
[Result "1-0"]
[ECO "D02"]
[WhiteElo "2194"]
[BlackElo "2095"]
[Annotator "ChessBase"]
[PlyCount "101"]
[EventDate "2019.10.02"]
[EventType "swiss"]
[EventCountry "IND"]
[SourceTitle "playchess.com"]
[Source "ChessBase"]
[SourceQuality "1"]
[TimeControl "5400+30"]

1. d4 d5 2. Nf3 Nf6 3. c4 e6 4. g3 Bb4+ 5. Bd2 a5 6. Qc2 O-O 7. Bg2 c5 8. cxd5 cxd4 9. Nxd4 Qb6 10. Nf3 Nxd5 11. O-O Bd7 12. Nc3 Nf6 13. Bg5 Bc6 14. Bxf6 gxf6 15. Rad1 Nd7 16. Rd4 Bxf3 17. Rh4 f5 18. Bxf3 Be7 19. Rh3 Rfd8 20. g4 Nf6 21. gxf5 Kh8 22. Ne4 exf5 23. Ng3 f4 24. Ne4 Rg8+ 25. Kh1 Rg7 26. Nxf6 Qxf6 27. Be4 h6 28. Qc3 Qg5 29. e3 Bd6 30. exf4 Bxf4 31. Bf3 Rag8 32. Rh5 Qg6 33. h3 f6 34. Bg4 Qe4+ 35. Qf3 Qc4 36. Rd1 b6 37. b3 Qc7 38. Rhd5 Be5 39. Qf5 Rg5 40. Qe4 R5g7 41. Rd7 Rxd7 42. Rxd7 Qc1+ 43. Kg2 Rg7 44. Rd8+ Rg8 45. Rxg8+ Kxg8 46. Qd5+ Kg7 47. Qd7+ Kg6 48. Bf5+ Kh5 49. Qe8+ Kh4 50. Bg4 Qg5 51. f4 1-0

[Event "WYCC U16 Girls 2019"]
[Site "Mumbai"]
[Date "2019.10.09"]
[Round "8.2"]
[White "Beydullayeva, Govhar"]
[Black "Garifullina, Leya"]
[Result "0-1"]
[ECO "E08"]
[WhiteElo "2289"]
[BlackElo "2330"]
[Annotator "ChessBase"]
[PlyCount "146"]
[EventDate "2019.10.02"]
[EventType "swiss"]
[EventCountry "IND"]
[SourceTitle "playchess.com"]
[Source "ChessBase"]
[SourceQuality "1"]
[TimeControl "5400+30"]

1. Nf3 Nf6 2. c4 e6 3. g3 d5 4. d4 Be7 5. Bg2 O-O 6. O-O Nbd7 7. Qc2 c6 8. b3 b6 9. Rd1 Bb7 10. Nc3 Ba6 11. Qd3 c5 12. Nb5 Bxb5 13. cxb5 Qc8 14. a4 a6 15. Bb2 axb5 16. Qxb5 Ra5 17. Qd3 Qb7 18. Bc3 Ra7 19. Nd2 cxd4 20. Bxd4 Nc5 21. Qb1 h6 22. Rc1 Rc8 23. Ra2 Raa8 24. Rac2 Ncd7 25. e3 Rxc2 26. Qxc2 b5 27. Bf1 bxa4 28. bxa4 e5 29. Ba1 Ba3 30. Rb1 Qa7 31. Bb5 Bd6 32. Nb3 Ne4 33. Kg2 Ndf6 34. f3 Ng5 35. Qd2 Qe7 36. h4 Ne6 37. Rc1 Nc7 38. Bc6 Rb8 39. Qc2 Na6 40. Bb5 Nc7 41. Na5 Ra8 42. Nc6 Qe6 43. Bf1 d4 44. e4 Nh5 45. a5 Qg6 46. Qf2 Na6 47. Kh2 Nc5 48. Bc4 Kh8 49. g4 Nf4 50. Rg1 Bc7 51. Ne7 Qf6 52. Nf5 Nce6 53. g5 hxg5 54. hxg5 Qg6 55. Qh4+ Qh7 56. Qxh7+ Kxh7 57. a6 g6 58. Ne7 Kg7 59. Rh1 Nc5 60. Nc6 Nxa6 61. Nxd4 exd4 62. Bxd4+ Kg8 63. Kg1 Nh5 64. Kf2 Rd8 65. Bc3 Bb6+ 66. Kg2 Rc8 67. Bxf7+ Kxf7 68. Rb1 Rxc3 69. Rxb6 Nc5 70. e5 Ne6 71. Rb7+ Rc7 72. Rb4 Nxg5 73. f4 Ne6 0-1

[Event "WYCC U16 Girls 2019"]
[Site "Mumbai"]
[Date "2019.10.09"]
[Round "8.3"]
[White "Mahdian, Anousha"]
[Black "Mrudul Dehankar"]
[Result "1-0"]
[ECO "E20"]
[WhiteElo "2103"]
[BlackElo "2227"]
[Annotator "ChessBase"]
[PlyCount "85"]
[EventDate "2019.10.02"]
[EventType "swiss"]
[EventCountry "IND"]
[SourceTitle "playchess.com"]
[Source "ChessBase"]
[SourceQuality "1"]
[TimeControl "5400+30"]

1. d4 Nf6 2. c4 e6 3. Nc3 Bb4 4. g3 c5 5. Nf3 cxd4 6. Nxd4 Nc6 7. Bg2 O-O 8. O-O d5 9. cxd5 exd5 10. Bg5 Be7 11. Rc1 h6 12. Bf4 Qb6 13. Nb3 a5 14. a4 Bg4 15. h3 Be6 16. Nb5 Rac8 17. Be3 Qd8 18. Nc5 b6 19. Nd3 d4 20. Bxh6 gxh6 21. Rxc6 Rxc6 22. Bxc6 Bxh3 23. Re1 Bf5 24. Qc1 Kg7 25. Qf4 Bxd3 26. exd3 Bc5 27. Kg2 Qc8 28. Bf3 Re8 29. Rh1 Rh8 30. Nxd4 Bxd4 31. Qxd4 Qe6 32. Rh5 Re8 33. Rb5 Rb8 34. Re5 Qd7 35. Qf4 Rd8 36. Rf5 Qe6 37. Re5 Qd6 38. Rf5 Qe6 39. Re5 Qd6 40. Rf5 Qe6 41. d4 Rd7 42. Rxf6 Qxf6 43. Qg4+ 1-0

[Event "WYCC U16 Girls 2019"]
[Site "Mumbai"]
[Date "2019.10.09"]
[Round "8.4"]
[White "Loskutova, Viktoriya"]
[Black "Bommini Mounika Akshaya"]
[Result "1/2-1/2"]
[ECO "C07"]
[WhiteElo "2149"]
[BlackElo "2017"]
[Annotator "ChessBase"]
[PlyCount "145"]
[EventDate "2019.10.02"]
[EventType "swiss"]
[EventCountry "IND"]
[SourceTitle "playchess.com"]
[Source "ChessBase"]
[SourceQuality "1"]
[TimeControl "5400+30"]

1. e4 e6 2. d4 d5 3. Nd2 c5 4. exd5 Qxd5 5. Ngf3 cxd4 6. Bc4 Qd7 7. O-O Nc6 8. Nb3 a6 9. Nbxd4 Nxd4 10. Nxd4 Qc7 11. Bd3 Bd6 12. h3 Ne7 13. Qh5 Nd5 14. Re1 Nf6 15. Qh4 Be7 16. c3 Bd7 17. a4 h6 18. a5 O-O-O 19. Qf4 Bd6 20. Qf3 e5 21. Nf5 Bf8 22. Ng3 Bc6 23. Qe2 Bc5 24. Be3 Bxe3 25. Qxe3 Kb8 26. Bf1 Rhe8 27. c4 e4 28. b4 Qe5 29. b5 axb5 30. cxb5 Bxb5 31. Bxb5 Qxb5 32. Reb1 Qa6 33. Nf5 Nd5 34. Qg3+ Ka8 35. Qxg7 e3 36. Nxe3 Nxe3 37. fxe3 Qe6 38. Qc3 Rc8 39. Qd4 Rcd8 40. Qf4 Qxe3+ 41. Qxe3 Rxe3 42. a6 b5 43. Rxb5 Re2 44. a7 Re7 45. Rb6 Rh8 46. Raa6 h5 47. Rh6 Re1+ 48. Kf2 Rhe8 49. Rxh5 R1e2+ 50. Kg1 Rg8 51. g4 Rc8 52. Ra1 Rb2 53. Rf5 Rc3 54. Rxf7 Rg3+ 55. Kf1 Rg1+ 56. Kxg1 Rg2+ 57. Kf1 Rg1+ 58. Ke2 Re1+ 59. Kd3 Re3+ 60. Kd4 Re4+ 61. Kd5 Re5+ 62. Kd6 Re6+ 63. Kd7 Rd6+ 64. Ke8 Rd8+ 65. Ke7 Re8+ 66. Kf6 Re6+ 67. Kf5 Re5+ 68. Kf4 Re4+ 69. Kf3 Re3+ 70. Kg2 Rg3+ 71. Kf2 Rg2+ 72. Kf3 Rg3+ 73. Kxg3 1/2-1/2

[Event "WYCC U16 Girls 2019"]
[Site "Mumbai"]
[Date "2019.10.09"]
[Round "8.5"]
[White "Demchenko, Svitlana"]
[Black "Salonika, Saina"]
[Result "0-1"]
[ECO "E90"]
[WhiteElo "1953"]
[BlackElo "2051"]
[Annotator "NA"]
[PlyCount "96"]
[EventDate "2019.10.02"]
[EventType "swiss"]
[EventCountry "IND"]
[SourceTitle "playchess.com"]
[Source "ChessBase"]
[SourceQuality "1"]
[TimeControl "5400+30"]

1. d4 Nf6 2. c4 g6 3. Nc3 Bg7 4. e4 d6 5. Nf3 O-O 6. h3 e5 7. d5 a5 8. g4 Na6 9. Be3 Nc5 10. Nd2 Ne8 11. h4 {[%emt 0:11:21] E90: King's Indian: Classical: Early deviations and 6 h3} h6 12. Be2 b6 13. Qc2 $146 ({Predecessor:} 13. Nf1 Bd7 14. Qd2 Kh7 15. Ng3 Qc8 16. f3 Qd8 17. O-O-O {1-0 (49) Vaibhav,S (2599)-Quizon,D (2351) Xingtai 2019}) 13... f5 14. exf5 gxf5 15. g5 Na6 16. gxh6 Bf6 17. Bg5 Nb4 18. Qb3 Kh8 19. O-O-O Rg8 20. Nf3 e4 21. Bxf6+ Nxf6 22. Ng5 Qe7 23. Nb5 Bd7 24. Nd4 Na6 25. Qc3 Nc5 26. Kb1 Raf8 27. f4 Rg6 28. Bf1 Na4 29. Qe1 Ng4 30. Bh3 Nxh6 31. Nde6 Bxe6 32. Nxe6 Qf6 33. Rd2 Rf7 34. h5 Rg8 35. Qd1 Nc5 36. Nxc5 bxc5 37. Qa4 Qh4 38. Qxa5 Qxf4 39. Rg2 Rxg2 40. Bxg2 Qf2 41. Qc3+ {[%emt 0:00:00] [#]} Rg7 (41... Kh7 $1 $19 42. Qc2 Qxc2+ 43. Kxc2 Ng4) 42. Bh3 Kh7 43. Rf1 Qh2 44. Rxf5 $2 (44. Qe3 {is more resistant.} Qe5 45. Rg1) 44... Rg3 $19 {[%emt 0:00:00] Double Attack} 45. Qf6 Qxh3 46. Rf1 Rg7 47. Qf4 Qd3+ 48. Ka1 Rf7 0-1

[Event "WYCC U16 Girls 2019"]
[Site "Mumbai"]
[Date "2019.10.09"]
[Round "8.6"]
[White "Dahampriya, H K T Dewnethmie"]
[Black "Bulatova, Kamaliya"]
[Result "0-1"]
[ECO "B94"]
[WhiteElo "1629"]
[BlackElo "2181"]
[Annotator "ChessBase"]
[PlyCount "50"]
[EventDate "2019.10.02"]
[EventType "swiss"]
[EventCountry "IND"]
[SourceTitle "playchess.com"]
[Source "ChessBase"]
[SourceQuality "1"]
[TimeControl "5400+30"]

1. e4 c5 2. Nf3 d6 3. d4 cxd4 4. Nxd4 Nf6 5. Nc3 a6 6. Bg5 Nbd7 7. Bc4 Qb6 8. a3 Qc5 9. Bxf6 Nxf6 10. Be2 g6 11. Nb3 Qc7 12. Bd3 Bg7 13. f3 Be6 14. Nd4 Bc4 15. Nce2 Nd7 16. f4 e5 17. fxe5 Nxe5 18. Rc1 Bh6 19. Ra1 Qb6 20. Rb1 O-O 21. h3 Rae8 22. b4 d5 23. Bxc4 Nxc4 24. exd5 Bd2+ 25. Kf2 Be3+ 0-1

[Event "WYCC U16 Girls 2019"]
[Site "Mumbai"]
[Date "2019.10.09"]
[Round "8.7"]
[White "Srdanovic, Jovana"]
[Black "Juhasz, Judit"]
[Result "1-0"]
[ECO "E71"]
[WhiteElo "2100"]
[BlackElo "2004"]
[Annotator "ChessBase"]
[PlyCount "79"]
[EventDate "2019.10.02"]
[EventType "swiss"]
[EventCountry "IND"]
[SourceTitle "playchess.com"]
[Source "ChessBase"]
[SourceQuality "1"]
[TimeControl "5400+30"]

1. d4 Nf6 2. c4 g6 3. Nc3 Bg7 4. e4 d6 5. h3 O-O 6. Be3 e5 7. d5 a5 8. g4 Na6 9. Nf3 Nd7 10. a3 f5 11. gxf5 gxf5 12. exf5 Rxf5 13. Bd3 Ndc5 14. Bc2 Bd7 15. Rg1 Qf6 16. Nd2 Rf8 17. Nde4 Qh4 18. Qg4 Qxg4 19. hxg4 Rf4 20. Bxf4 Rxf4 21. g5 Bf5 22. Nf6+ Bxf6 23. gxf6+ Kf7 24. Bxf5 Rxf5 25. Rg3 Kxf6 26. Ke2 Rf4 27. Rf3 Kf5 28. Rxf4+ Kxf4 29. Rh1 Nb3 30. Nb5 c6 31. dxc6 bxc6 32. Nxd6 Nd4+ 33. Kd2 Nf3+ 34. Kc3 Ng5 35. b4 axb4+ 36. axb4 e4 37. Rh6 Ke5 38. Nb7 Nb8 39. Nc5 Kf4 40. Rf6+ 1-0

[Event "WYCC U16 Girls 2019"]
[Site "Mumbai"]
[Date "2019.10.09"]
[Round "8.8"]
[White "Zhang, Xiao"]
[Black "Mehendi Sil"]
[Result "1-0"]
[ECO "A96"]
[WhiteElo "2053"]
[BlackElo "1812"]
[Annotator "NA"]
[PlyCount "155"]
[EventDate "2019.10.02"]
[EventType "swiss"]
[EventCountry "IND"]
[SourceTitle "playchess.com"]
[Source "ChessBase"]
[SourceQuality "1"]
[TimeControl "5400+30"]

1. d4 e6 2. Nf3 f5 3. g3 Nf6 4. Bg2 Be7 5. O-O d6 6. c4 O-O 7. Nc3 Ne4 8. Qc2 Nxc3 9. bxc3 Nc6 {A96: Classical Dutch: Fluid Systems: Early deviations} 10. e4 (10. d5 Na5 11. dxe6 Bxe6 12. Nd4 Bxc4 13. Nxf5 Bf6 14. Ne3 Bf7 15. Be4 h6 16. Rb1 Kh8 17. c4 {½-½ (25) Ding,L (2777)-Kravtsiv,M (2665) Tbilisi 2017}) 10... e5 11. a4 $146 ({Predecessor:} 11. Bb2 f4 12. c5 Qe8 13. cxd6 cxd6 14. gxf4 Rxf4 {0-1 (28) Chabanon,J (2446)-Polivanov,A (2364) Saint Quentin 2019}) 11... Qe8 12. Re1 Qf7 13. Qa2 fxe4 14. Rxe4 Bf5 15. Re1 exd4 16. Nxd4 Nxd4 17. cxd4 c6 18. Be3 Kh8 19. a5 a6 20. Qb3 Bf6 21. Ra4 Rae8 22. Rb4 Bc8 23. Rf1 Bd8 24. Ra4 Qh5 25. d5 c5 26. Raa1 Qg4 27. Rfe1 g5 28. Bd2 Re2 29. Bc3+ Kg8 30. Rxe2 Qxe2 31. Ra2 Qg4 32. h3 Qh5 33. g4 Qf7 34. Re2 h5 35. gxh5 g4 36. Bb2 Qxh5 37. hxg4 Bxg4 38. Qxb7 Qh7 39. Qxh7+ Kxh7 40. Re3 Rf7 41. Be4+ Bf5 42. Bc3 Bg5 $18 (42... Kg6 $16) 43. Bxf5+ Rxf5 44. Re4 Rf4 45. Rxf4 Bxf4 46. Kg2 Kg6 47. Kf3 Kf5 48. Bf6 Bh6 49. Bh4 Bg7 50. Bg3 Bf8 51. Ke3 Bh6+ 52. Kd3 Bf8 53. f3 Be7 54. Ke2 Bf8 55. Kf2 Kg5 56. Kg2 Be7 57. Kh2 Kg6 58. Kh3 Kh5 59. Bf4 Bf8 60. Bh2 Kg5 61. Bg3 Kf6 62. Kg4 Ke7 63. Kf5 Bg7 64. Kg6 Bc3 65. f4 Bxa5 66. f5 Bc3 67. Bh4+ Kf8 68. f6 a5 69. f7 a4 70. Bg5 Bg7 71. Be7+ Kxe7 72. Kxg7 a3 73. f8=Q+ Kd7 74. Qa8 a2 75. Qxa2 Kc8 76. Qa7 Kd8 77. Kf7 Kc8 78. Ke6 1-0